[Event "January 2 Early 2024"]
[Site "https://www.chess.com"]
[Date "2024.01.02"]
[Round "5"]
[White "Novikov, Evgenij"]
[Black "Lopez Del Alamo, Antonio"]
[Result "1-0"]
[Board "155"]
[TimeControl "180+1"]
[WhiteFideId "4125380"]
[BlackFideId "2227339"]
[WhiteElo "2509"]
[BlackElo "2266"]
[WhiteTeam "RUS"]
[BlackTeam "ESP"]
[WhiteClock "0:01:04"]
[BlackClock "0:01:47"]

1. e4 c5 2. Nf3 e6 3. d4 cxd4 4. Nxd4 Nf6 5. Bd3 Nc6 6. Nb3 d5 7. exd5 exd5 8. O-O Be7 9. N1d2 O-O 10. h3 Ne5 11. Nf3 Nxd3 12. Qxd3 Qc7 13. Bg5 Be6 14. c3 Rfd8 15. Rfe1 h6 16. Bh4 g5 17. Bg3 Qc4 18. Rad1 a5 19. Ne5 Qxd3 20. Rxd3 a4 21. Nd4 a3 22. b3 Ra6 23. f3 Nd7 24. Kf1 Bf6 25. Nxd7 Be5 26. Nxe5 1-0

[Event "January 2 Early 2024"]
[Site "https://www.chess.com"]
[Date "2024.01.02"]
[Round "5"]
[White "Tikhonov, Viacheslav"]
[Black "Vanek, Tomas"]
[Result "0-1"]
[Board "156"]
[TimeControl "180+1"]
[WhiteFideId "44196407"]
[BlackFideId "313459"]
[WhiteElo "2489"]
[BlackElo "2265"]
[WhiteTeam "RUS"]
[BlackTeam "CZE"]
[WhiteClock "0:00:42"]
[BlackClock "0:01:34"]

1. e4 c5 2. Nf3 Nc6 3. d4 cxd4 4. Nxd4 Nf6 5. Nc3 e5 6. Ndb5 d6 7. Be3 a6 8. Na3 b5 9. Nd5 Nxd5 10. exd5 Ne7 11. c4 b4 12. Qa4+ Bd7 13. Qxb4 Nf5 14. Bb6 Qc8 15. Qa5 Be7 16. Bd3 Nh4 17. Kf1 Bh3 18. gxh3 Qxh3+ 19. Ke2 Qf3+ 20. Kd2 Bg5+ 21. Kc2 e4 22. Rhe1 Qxd3# 0-1

[Event "January 2 Early 2024"]
[Site "https://www.chess.com"]
[Date "2024.01.02"]
[Round "5"]
[White "Cueto, Jonny"]
[Black "Brankovic, Dejan"]
[Result "0-1"]
[Board "157"]
[TimeControl "180+1"]
[WhiteFideId "3300145"]
[BlackFideId "921602"]
[WhiteElo "2253"]
[BlackElo "2458"]
[WhiteTeam "BOL"]
[BlackTeam "SRB"]
[WhiteClock "0:00:15"]
[BlackClock "0:00:39"]

1. d4 Nf6 2. Bf4 d5 3. e3 c5 4. Nf3 Nc6 5. Nbd2 Qb6 6. dxc5 Qxb2 7. Rb1 Qa3 8. Bb5 e6 9. O-O Bxc5 10. c4 O-O 11. cxd5 Nxd5 12. Nc4 Qc3 13. Rb3 Qf6 14. Bg5 Qg6 15. Bxc6 bxc6 16. Nce5 Qh5 17. Nxc6 Ba6 18. Re1 Rfc8 19. Nce5 Bb4 20. Rxb4 Nxb4 21. g4 Qh3 22. Qd7 Rf8 23. Be7 Nd5 24. Bxf8 Rxf8 25. Nxf7 Qxg4+ 26. Kh1 Qxf3+ 27. Kg1 Qxf7 28. Qd6 Qxf2+ 29. Kh1 Qxe1+ 30. Kg2 Qf1+ 31. Kg3 Qf3+ 32. Kh4 Qf2+ 33. Kh3 Rf3+ 34. Kg4 Qg2+ 35. Kh4 Rh3# 0-1

[Event "January 2 Early 2024"]
[Site "https://www.chess.com"]
[Date "2024.01.02"]
[Round "5"]
[White "Slavin, Alexey"]
[Black "Valle Luis, Leo"]
[Result "1-0"]
[Board "158"]
[TimeControl "180+1"]
[WhiteFideId "24104388"]
[BlackFideId "54577187"]
[WhiteElo "2242"]
[BlackElo "2434"]
[WhiteTeam "RUS"]
[BlackTeam "ESP"]
[WhiteClock "0:00:09"]
[BlackClock "0:00:03"]

1. e4 c6 2. d4 d5 3. e5 Bf5 4. Nf3 e6 5. Be2 c5 6. Be3 Nd7 7. O-O Ne7 8. c3 Nc6 9. a3 a5 10. a4 c4 11. Na3 Qb6 12. Nb5 Na7 13. Nd6+ Bxd6 14. exd6 Nc8 15. Ne5 Qxd6 16. Bf4 Qe7 17. b3 Nxe5 18. Bxe5 O-O 19. bxc4 dxc4 20. Bxc4 Nb6 21. Bb3 Rac8 22. Rc1 Rfd8 23. Re1 Qa3 24. Re3 f6 25. Bg3 Rxd4 26. Qe1 Nd5 27. Rf3 Re4 28. Qd1 Ne7 29. Bd6 Qxc1 30. Qxc1 Nd5 31. Bxd5 exd5 32. Rxf5 d4 33. Rf3 Kf7 34. g3 Re6 35. Bf4 Rec6 36. Bd2 dxc3 37. Rxc3 Rxc3 38. Bxc3 Re8 39. Qd2 1-0

[Event "January 2 Early 2024"]
[Site "https://www.chess.com"]
[Date "2024.01.02"]
[Round "5"]
[White "Chirivi C, Jenny Astrid"]
[Black "Mazurkiewicz, Michal"]
[Result "0-1"]
[Board "159"]
[TimeControl "180+1"]
[WhiteFideId "4403061"]
[BlackFideId "1124943"]
[WhiteElo "2241"]
[BlackElo "2399"]
[WhiteTeam "COL"]
[BlackTeam "POL"]
[WhiteClock "0:00:00"]
[BlackClock "0:00:14"]

1. d4 Nf6 2. c4 e5 3. dxe5 Ng4 4. Bf4 Nc6 5. Nf3 Bb4+ 6. Nc3 Bxc3+ 7. bxc3 Qe7 8. Qd5 f6 9. exf6 Nxf6 10. Qd3 d6 11. g3 O-O 12. Bg2 Ne5 13. Nxe5 dxe5 14. Bg5 e4 15. Bxf6 Qxf6 16. Qe3 Bf5 17. O-O b6 18. Bxe4 Rae8 19. Bd5+ Kh8 20. Qd2 Bh3 21. Bg2 Bxg2 22. Kxg2 Qc6+ 23. Qd5 Qf6 24. Qd3 Rd8 25. Qf3 Qe6 26. Rad1 Qxc4 27. Rxd8 Rxd8 28. e4 Qxa2 29. e5 Qd5 30. Re1 Kg8 31. Re4 Rf8 32. Qe3 Rd8 33. e6 Re8 34. c4 Qc6 35. Kg1 a5 36. Qd3 Qd6 37. Qe2 a4 38. e7 a3 39. Re6 Qb4 40. Re4 Qb1+ 41. Kg2 a2 42. Qf3 Qxe4 43. Qxe4 a1=Q 44. Qe6+ Kh8 45. Qf7 Qa8+ 46. Kg1 Qc8 47. h4 h6 48. h5 Qd7 49. Qf8+ Kh7 50. Qf7 Qxe7 51. Qg6+ Kh8 52. Qf5 Qe1+ 53. Kh2 Kg8 0-1

[Event "January 2 Early 2024"]
[Site "https://www.chess.com"]
[Date "2024.01.02"]
[Round "5"]
[White "Kanter, Eduard"]
[Black "Merikard"]
[Result "0-1"]
[Board "160"]
[TimeControl "180+1"]
[WhiteFideId "4103963"]
[WhiteElo "2396"]
[BlackElo "2233"]
[WhiteTeam "RUS"]
[WhiteClock "0:00:03"]
[BlackClock "0:01:13"]

1. e4 g6 2. d4 Bg7 3. Nc3 d6 4. h4 h6 5. h5 g5 6. f4 gxf4 7. Bxf4 Nd7 8. Nf3 a6 9. a4 b6 10. Bc4 e6 11. Qd3 Ne7 12. O-O-O Bb7 13. Kb1 Nf6 14. e5 Nfd5 15. Nxd5 Nxd5 16. Bg3 Qd7 17. b3 b5 18. axb5 axb5 19. Bxb5 Bc6 20. Bxc6 Qxc6 21. Be1 Qb6 22. Kc1 Ra2 23. Rd2 Qa7 24. Qb5+ Kf8 25. Rd3 dxe5 26. Nxe5 Bxe5 27. dxe5 Rg8 28. Bb4+ Kg7 29. Rg3+ Kh7 30. Rxg8 Kxg8 31. Qe8+ Kg7 32. Qf8+ Kh7 33. Qxf7+ Kh8 34. Qf8+ Kh7 35. Qf7+ Kh8 36. Qxe6 Ra1+ 37. Kd2 Qe3# 0-1

[Event "January 2 Early 2024"]
[Site "https://www.chess.com"]
[Date "2024.01.02"]
[Round "5"]
[White "Skibbe, Willi"]
[Black "Piddubna, Bozhena"]
[Result "0-1"]
[Board "161"]
[TimeControl "180+1"]
[WhiteFideId "4682190"]
[BlackFideId "34109293"]
[WhiteElo "2395"]
[BlackElo "2225"]
[WhiteTeam "GER"]
[BlackTeam "UKR"]
[WhiteClock "0:00:08"]
[BlackClock "0:00:06"]

1. e4 e5 2. Nf3 Nc6 3. c3 d5 4. Qa4 f6 5. d3 Be6 6. Nbd2 Qd7 7. Be2 Nge7 8. O-O a6 9. b4 O-O-O 10. Nb3 Ng6 11. exd5 Bxd5 12. c4 Bxf3 13. Bxf3 Nxb4 14. Qa5 Nc6 15. Bxc6 Qxc6 16. Be3 Nh4 17. f3 Nf5 18. Bf2 Rxd3 19. Rfd1 Rxd1+ 20. Rxd1 Be7 21. c5 Rd8 22. Rb1 e4 23. Qb4 b6 24. fxe4 Nh6 25. Qc4 b5 26. Qb4 Ng4 27. Na5 Qe6 28. Bd4 Qxa2 29. Qb2 Qxb2 30. Bxb2 Rd2 31. Nc6 Bf8 32. h3 Bxc5+ 33. Kf1 Ne3+ 34. Ke1 Rf2 35. Kxf2 Nc4+ 36. Bd4 Bxd4+ 37. Nxd4 Kb7 38. Kf3 Kb6 39. Kf2 c5 40. Ke2 cxd4 41. Rd1 Kc5 42. Rxd4 Kxd4 43. e5 Nxe5 0-1

[Event "January 2 Early 2024"]
[Site "https://www.chess.com"]
[Date "2024.01.02"]
[Round "5"]
[White "Gottstein, Claudius-Thomas"]
[Black "Mikhalsky, Vladimir"]
[Result "0-1"]
[Board "162"]
[TimeControl "180+1"]
[WhiteFideId "4653327"]
[BlackFideId "14144352"]
[WhiteElo "2216"]
[BlackElo "2390"]
[WhiteTeam "GER"]
[BlackTeam "UKR"]
[WhiteClock "0:00:00"]
[BlackClock "0:00:08"]

1. Nf3 c5 2. c4 Nf6 3. g3 d5 4. cxd5 Nxd5 5. Nc3 Nc7 6. Bg2 Nc6 7. O-O e5 8. d3 Be7 9. a3 O-O 10. Nd2 Bd7 11. f4 exf4 12. Rxf4 f5 13. Nd5 Nxd5 14. Bxd5+ Kh8 15. Nc4 Be8 16. Bg2 Bh5 17. Bf3 g5 18. Bxh5 gxf4 19. Bxf4 Bf6 20. Qd2 Nd4 21. Rf1 Bg7 22. e3 Ne6 23. Be5 Bxe5 24. Nxe5 Qc7 25. Qc3 Ng7 26. Bf3 Rae8 27. d4 b6 28. b4 Qd6 29. bxc5 bxc5 30. Rd1 cxd4 31. exd4 f4 32. Qc6 Qxa3 33. gxf4 Qe3+ 34. Kg2 Nf5 35. Qe4 Nh4+ 36. Kg3 Rg8+ 37. Kxh4 Qf2+ 38. Kh3 Re6 39. Nf7+ Kg7 40. Qxe6 Qxf3+ 41. Kh4 Qxf4+ 42. Qg4+ Qxg4+ 43. Kxg4 Kxf7+ 44. Kf4 Ke6 45. Ke4 Rg4+ 46. Kf3 Rh4 47. Kg3 Rh5 48. Ra1 a5 49. Ra4 Kd6 50. Kg4 Rb5 51. h4 h5+ 52. Kf4 Kc6 53. Ke4 Kb6 54. Ra1 Kc6 55. Rc1+ Kd6 56. Rg1 a4 57. Rg6+ Ke7 58. Ra6 Rb4 59. Ke5 Rb5+ 60. d5 Rb4 61. Ra7+ Kd8 62. Ke6 Rxh4 63. Ra8+ Kc7 64. d6+ Kb7 65. Ra5 Kb6 66. Rg5 Re4+ 67. Kd7 a3 68. Rxh5 a2 69. Rh1 Rd4 70. Ra1 Rd2 71. Ke7 Kc6 72. d7 Rxd7+ 73. Ke6 Rd2 74. Ke5 Kc5 75. Ke4 Kb4 76. Ke3 Rh2 77. Kd3 Kb3 78. Ke3 Kb2 79. Re1 a1=Q 80. Rxa1 Kxa1 0-1

[Event "January 2 Early 2024"]
[Site "https://www.chess.com"]
[Date "2024.01.02"]
[Round "5"]
[White "Clawitter, Craig"]
[Black "Shadhursshaan R"]
[Result "0-1"]
[Board "163"]
[TimeControl "180+1"]
[WhiteFideId "2023105"]
[BlackFideId "45024138"]
[WhiteElo "2213"]
[BlackElo "2389"]
[WhiteTeam "USA"]
[BlackTeam "IND"]
[WhiteClock "0:00:09"]
[BlackClock "0:02:00"]

1. e4 b6 2. d4 Bb7 3. Bd3 e6 4. Ne2 Nf6 5. Nbc3 d5 6. e5 Ng8 7. Nf4 Ba6 8. O-O Bxd3 9. Nxd3 Ne7 10. Qg4 Nf5 11. Ne2 h5 12. Qf4 c5 13. c3 Nc6 14. Ng3 g6 15. Nxf5 gxf5 16. Be3 Rg8 17. dxc5 bxc5 18. Bxc5 Rg4 19. Qe3 Re4 20. Qf3 Nxe5 21. Nxe5 Bxc5 22. Nd3 Bd6 23. Rfe1 Qg5 24. h3 Ke7 25. Re2 Rg8 26. Rae1 h4 27. Nb4 Bxb4 28. cxb4 Rxb4 29. Qxd5 Re4 30. Qc5+ Kf6 31. Qc3+ Ke7 32. Qc7+ Kf8 33. Qc8+ Kg7 34. Qc3+ Kh7 35. Qf3 Rf4 36. Qb7 Re4 37. Rxe4 Qxg2# 0-1

[Event "January 2 Early 2024"]
[Site "https://www.chess.com"]
[Date "2024.01.02"]
[Round "5"]
[White "Samaganova, Aleksandra"]
[Black "Franchini, Gabriele"]
[Result "1-0"]
[Board "164"]
[TimeControl "180+1"]
[WhiteFideId "13800221"]
[BlackFideId "806790"]
[WhiteElo "2387"]
[BlackElo "2208"]
[WhiteTeam "KGZ"]
[BlackTeam "ITA"]
[WhiteClock "0:00:06"]
[BlackClock "0:00:00"]

1. c4 e6 2. Nc3 d5 3. e3 Nf6 4. Nf3 Be7 5. d4 c6 6. Bd3 Nbd7 7. O-O dxc4 8. Bxc4 b5 9. Bd3 Bb7 10. a3 O-O 11. b4 a5 12. Rb1 axb4 13. axb4 Nb6 14. e4 Na4 15. Bd2 Qb6 16. Qc2 h6 17. Be3 Ng4 18. Rfe1 Nxe3 19. Rxe3 Nxc3 20. Qxc3 Ra2 21. h3 Rfa8 22. Re2 R8a3 23. Rb3 Ra1+ 24. Kh2 Ra4 25. Re1 R1a2 26. Re2 Ra1 27. g3 Qa7 28. Ne5 Qa8 29. Nd7 Qd8 30. Ne5 Bd6 31. Nxc6 Qc7 32. d5 Bxc6 33. dxc6 Be5 34. Qc5 Rd1 35. Bc2 Rc1 36. Rb1 Ra1 37. Rxa1 Bxa1 38. Qxb5 Bd4 39. Qc4 Bb6 40. b5 Rf1 41. Kg2 Rc1 42. Qd3 g6 43. Qd7 Kf8 44. Rd2 Qxd7 45. cxd7 Ke7 46. Kf3 Kd8 47. Ke2 Bc7 48. Bd1 Ra1 49. Rb2 Ra5 50. b6 Be5 51. b7 Bb8 52. Rd2 Rb5 53. Bc2 Rxb7 54. Ba4 Ra7 55. Bc6 Rc7 56. Bb5 Rb7 57. Bc6 Rc7 58. Ba4 Ra7 59. Bb3 Rxd7 60. Rxd7+ Kxd7 61. Kf3 Ke7 62. Ba4 Bc7 63. Bb5 Kf6 64. h4 Bd6 65. Ke3 Bc5+ 66. Ke2 Bb6 67. f4 e5 68. Kf3 exf4 69. gxf4 Ke6 70. Bc4+ Kf6 71. Bd5 Kg7 72. Kg4 Bd8 73. h5 gxh5+ 74. Kxh5 Bc7 75. Kg4 Bb8 76. Kf5 Bc7 77. e5 Bb8 78. Bf3 Ba7 79. Bh5 Be3 80. Ke4 Bc1 81. f5 Bb2 82. e6 fxe6 83. fxe6 Ba3 84. Kd5 Be7 85. Kc6 Bg5 86. Kd7 Kf8 87. Bg6 Kg7 88. Bh5 Kf8 89. Kd6 Kg7 90. Ke5 Kf8 91. Kf5 Ke7 92. Bf7 1-0

[Event "January 2 Early 2024"]
[Site "https://www.chess.com"]
[Date "2024.01.02"]
[Round "5"]
[White "Sailer, Mike"]
[Black "Sokolov, Andrei"]
[Result "1-0"]
[Board "165"]
[TimeControl "180+1"]
[WhiteFideId "2012901"]
[BlackFideId "11600306"]
[WhiteElo "2193"]
[BlackElo "2383"]
[WhiteTeam "USA"]
[BlackTeam "LAT"]
[WhiteClock "0:00:38"]
[BlackClock "0:00:13"]

1. d4 d5 2. Bf4 Nf6 3. Nc3 a6 4. e3 e6 5. g4 h6 6. h4 c5 7. Bg2 Nc6 8. g5 hxg5 9. hxg5 Rxh1 10. Bxh1 Nd7 11. Qh5 g6 12. Qh8 cxd4 13. exd4 Nxd4 14. O-O-O Nf5 15. Nf3 Qe7 16. Nxd5 exd5 17. Re1 Qxe1+ 18. Nxe1 Ke7 19. Bxd5 Bg7 20. Qg8 Ne5 21. Bxe5 Bxe5 22. Qxf7+ Kd6 23. Nd3 Bd4 24. c4 Bd7 25. Qxg6+ Kc7 26. c5 Rh8 27. Qb6+ Kc8 28. Bxb7+ Kb8 29. Bc6+ Kc8 30. Qb7+ Kd8 31. Qxd7# 1-0

[Event "January 2 Early 2024"]
[Site "https://www.chess.com"]
[Date "2024.01.02"]
[Round "5"]
[White "Rios Escobar, Adan"]
[Black "Montano Vicente, Guadalupe"]
[Result "1-0"]
[Board "166"]
[TimeControl "180+1"]
[WhiteFideId "3403645"]
[BlackFideId "5181399"]
[WhiteElo "2381"]
[BlackElo "2183"]
[WhiteTeam "CHI"]
[BlackTeam "MEX"]
[WhiteClock "0:00:04"]
[BlackClock "0:00:04"]

1. d4 Nf6 2. g3 g6 3. Bg2 Bg7 4. e4 O-O 5. Ne2 c5 6. dxc5 Qa5+ 7. Nbc3 Qxc5 8. Be3 Qc4 9. b3 Qc7 10. O-O d6 11. h3 Bd7 12. Qd2 Na6 13. Rac1 Rac8 14. Nd5 Nxd5 15. exd5 Nc5 16. c4 a5 17. Nd4 Ra8 18. Rfe1 Qc8 19. Kh2 Re8 20. Bg5 Qd8 21. Re2 Bf6 22. Bxf6 exf6 23. Rce1 Rxe2 24. Rxe2 Qf8 25. a3 Re8 26. b4 axb4 27. axb4 Na6 28. Bf3 Rxe2 29. Bxe2 Qe8 30. Bf3 Qe5 31. Kg2 Kg7 32. h4 Be8 33. Bg4 Nxb4 34. Qxb4 Qxd4 35. Bc8 b6 36. Qxd6 Ba4 37. Bh3 Bc2 38. Kg1 Be4 39. Bf1 Qd1 40. Qf4 f5 41. Qe3 Qb1 42. Qe2 Qa1 43. Qe3 Qf6 44. f3 Bb1 45. Qd2 Qa1 46. Kh2 Qf6 47. Bg2 Qa1 48. d6 Ba2 49. d7 Bxc4 50. d8=Q Be6 51. Q2d4+ Qxd4 52. Qxd4+ 1-0

[Event "January 2 Early 2024"]
[Site "https://www.chess.com"]
[Date "2024.01.02"]
[Round "5"]
[White "Ferro, Mario"]
[Black "Von Buelow, Georg"]
[Result "1-0"]
[Board "167"]
[TimeControl "180+1"]
[WhiteFideId "810290"]
[BlackFideId "4620658"]
[WhiteElo "2379"]
[BlackElo "2177"]
[WhiteTeam "ITA"]
[BlackTeam "GER"]
[WhiteClock "0:02:19"]
[BlackClock "0:02:13"]

1. d4 Nf6 2. Nc3 d5 3. Bf4 c5 4. e3 cxd4 5. exd4 a6 6. Nf3 Nc6 7. Ne5 Bd7 8. Nxc6 Bxc6 9. Bd3 e6 10. O-O Be7 11. Qf3 O-O 12. Qh3 Rc8 13. Be5 h6 14. Rae1 b5 15. Re3 1-0

[Event "January 2 Early 2024"]
[Site "https://www.chess.com"]
[Date "2024.01.02"]
[Round "5"]
[White "Guzman Lozano, Campo Elias"]
[Black "Schuh, Karsten"]
[Result "0-1"]
[Board "168"]
[TimeControl "180+1"]
[WhiteFideId "4403746"]
[BlackFideId "4637950"]
[WhiteElo "2177"]
[BlackElo "2373"]
[WhiteTeam "COL"]
[BlackTeam "GER"]
[WhiteClock "0:00:08"]
[BlackClock "0:00:05"]

1. Nf3 f5 2. b3 Nf6 3. Bb2 e6 4. d3 Nc6 5. c4 Be7 6. g3 O-O 7. Bg2 d6 8. O-O e5 9. Nfd2 Qe8 10. Nc3 Be6 11. Nd5 Rc8 12. e4 Nd8 13. b4 c6 14. Nxe7+ Qxe7 15. exf5 Bxf5 16. Ne4 Nxe4 17. Bxe4 Bxe4 18. dxe4 Ne6 19. c5 dxc5 20. Bxe5 Rcd8 21. Qb3 cxb4 22. Rad1 Kh8 23. Rxd8 Rxd8 24. Bb2 Nd4 25. Qe3 c5 26. e5 Ne6 27. Re1 c4 28. Qe4 c3 29. Bc1 a5 30. Qc4 Nd4 31. Re3 b5 32. Qf1 Qb7 33. f4 Nf5 34. Re2 b3 35. axb3 Nd4 36. Re3 b4 37. f5 Nxb3 38. f6 c2 39. f7 Qe7 40. e6 Nxc1 41. Rf3 Rf8 42. Qc4 b3 43. Rc3 Ne2+ 44. Kf2 c1=Q 45. Rxc1 Nxc1 0-1

[Event "January 2 Early 2024"]
[Site "https://www.chess.com"]
[Date "2024.01.02"]
[Round "5"]
[White "Marchesich, Giovanni"]
[Black "Yushko, Olga"]
[Result "0-1"]
[Board "169"]
[TimeControl "180+1"]
[WhiteFideId "2824790"]
[BlackFideId "14114500"]
[WhiteElo "2372"]
[BlackElo "2175"]
[WhiteTeam "ITA"]
[BlackTeam "UKR"]
[WhiteClock "0:00:31"]
[BlackClock "0:00:45"]

1. e4 e6 2. d3 d5 3. Nd2 Nf6 4. Ngf3 Be7 5. g3 O-O 6. Bg2 c5 7. O-O Nc6 8. Re1 b5 9. e5 Nd7 10. Nf1 Qc7 11. Bf4 Bb7 12. h4 d4 13. h5 Nb6 14. h6 g6 15. Qd2 Nd5 16. Bg5 Bxg5 17. Qxg5 Qe7 18. Qd2 Rfd8 19. N1h2 Rac8 20. Ng4 c4 21. a4 c3 22. bxc3 dxc3 23. Qe2 b4 24. Rab1 a5 25. Ne3 Qc7 26. Nc4 Rd7 27. Ng5 Nd4 28. Qd1 b3 29. Rxb3 Nxb3 30. cxb3 Nb4 31. Bxb7 Qxb7 32. Nd6 Rxd6 33. exd6 c2 34. Qd2 Nxd3 35. Ne4 Nxe1 36. Nf6+ Kh8 37. Qd4 Nf3+ 0-1

[Event "January 2 Early 2024"]
[Site "https://www.chess.com"]
[Date "2024.01.02"]
[Round "5"]
[White "Chandra, Vania Vindy"]
[Black "Novak, Ratko"]
[Result "0-1"]
[Board "170"]
[TimeControl "180+1"]
[WhiteFideId "7103441"]
[BlackFideId "14511827"]
[WhiteElo "2173"]
[BlackElo "2368"]
[WhiteTeam "INA"]
[BlackTeam "CRO"]
[WhiteClock "0:00:36"]
[BlackClock "0:02:12"]

1. d4 d5 2. c4 c5 3. dxc5 d4 4. Nf3 Nc6 5. e3 e5 6. exd4 exd4 7. Bd3 Bxc5 8. O-O Nge7 9. Re1 O-O 10. Bxh7+ Kxh7 11. Ng5+ Kg8 12. Qh5 Bf5 13. Nd2 f6 14. Ne6 Bxe6 15. Qxc5 Qd7 16. Nf3 b6 17. Qh5 Bxc4 18. Bf4 Qf5 19. Qxf5 Nxf5 20. g4 Bd5 21. gxf5 Bxf3 22. b4 d3 23. Re6 Nd4 24. Rd6 Ne2+ 0-1

[Event "January 2 Early 2024"]
[Site "https://www.chess.com"]
[Date "2024.01.02"]
[Round "5"]
[White "Mende, Andreas"]
[Black "Nayak Rajesh"]
[Result "0-1"]
[Board "171"]
[TimeControl "180+1"]
[WhiteFideId "4631102"]
[BlackFideId "35017152"]
[WhiteElo "2156"]
[BlackElo "2364"]
[WhiteTeam "GER"]
[BlackTeam "IND"]
[WhiteClock "0:00:10"]
[BlackClock "0:01:13"]

1. c4 Nf6 2. g3 g6 3. Bg2 Bg7 4. Nc3 O-O 5. e4 d6 6. Nge2 e5 7. O-O Nc6 8. d3 Nh5 9. Be3 f5 10. f3 f4 11. Bf2 fxg3 12. hxg3 Bh6 13. Nd5 Be6 14. g4 Nf4 15. Nexf4 Bxf4 16. Nxf4 Rxf4 17. Bg3 Rf7 18. Qd2 Nd4 19. f4 Bxg4 20. Rf2 Qd7 21. fxe5 Raf8 22. Rxf7 Rxf7 23. Re1 Bf3 24. exd6 Bxg2 25. Kxg2 Nf3 26. Qc3 Qg4 27. dxc7 Nh4+ 28. Kh2 Rf2+ 29. Kh1 Qh3+ 30. Kg1 Qg2# 0-1

[Event "January 2 Early 2024"]
[Site "https://www.chess.com"]
[Date "2024.01.02"]
[Round "5"]
[White "Shohat, Yotam"]
[Black "Hartikainen, Jarmo"]
[Result "1/2-1/2"]
[Board "172"]
[TimeControl "180+1"]
[WhiteFideId "2813955"]
[BlackFideId "503134"]
[WhiteElo "2346"]
[BlackElo "2150"]
[WhiteTeam "ISR"]
[BlackTeam "FIN"]
[WhiteClock "0:00:50"]
[BlackClock "0:00:19"]

1. e4 c5 2. Nf3 Nc6 3. Bb5 e6 4. O-O Nge7 5. d4 cxd4 6. Nxd4 a6 7. Be2 Nxd4 8. Qxd4 Nc6 9. Qe3 b6 10. c4 Bb7 11. b3 Qf6 12. Nc3 Bc5 13. Qg3 Nd4 14. Bd1 h5 15. Bg5 Qg6 16. Bf4 Qxg3 17. hxg3 f6 18. Na4 Bxe4 19. Nxc5 bxc5 20. Bd6 Rc8 21. Re1 Bg6 22. Rc1 Nf5 23. Bf4 Kf7 24. Bc2 e5 25. Be3 Nd4 26. Bxg6+ Kxg6 27. Bxd4 exd4 28. Re7 d5 29. cxd5 Rhd8 30. Re6 Rxd5 31. Rxa6 d3 32. Re6 d2 33. Rd1 c4 34. bxc4 Rxc4 35. Kf1 Rc2 36. a4 Ra2 37. Re4 f5 38. Rb4 Ra5 39. Rd4 R5xa4 40. Rxa4 Rxa4 41. Rxd2 Ra1+ 42. Ke2 Rg1 43. Kf3 Kg5 44. Rd6 g6 45. Rd4 Kh6 46. Rd6 Kg5 47. Rd4 Kh6 48. Rd6 Kg5 1/2-1/2

[Event "January 2 Early 2024"]
[Site "https://www.chess.com"]
[Date "2024.01.02"]
[Round "5"]
[White "Bueno, Alfeu Junior Varela"]
[Black "Jing, Andrew"]
[Result "1-0"]
[Board "173"]
[TimeControl "180+1"]
[WhiteFideId "2108879"]
[BlackFideId "30984076"]
[WhiteElo "2342"]
[BlackElo "2146"]
[WhiteTeam "BRA"]
[BlackTeam "USA"]
[WhiteClock "0:00:13"]
[BlackClock "0:01:56"]

1. e4 e5 2. Nc3 Nf6 3. f4 d5 4. fxe5 Nxe4 5. Qf3 f5 6. d3 Nxc3 7. bxc3 d4 8. Qg3 dxc3 9. Be2 Be6 10. Nf3 Nc6 11. Be3 Qd7 12. O-O O-O-O 13. d4 h6 14. Bb5 a6 15. Ba4 g5 16. Qf2 Ba3 17. Ne1 f4 18. Bc1 Bxc1 19. Rxc1 b5 20. Bb3 Nxd4 21. Nd3 Bxb3 22. cxb3 c2 23. Nb4 a5 24. Nxc2 Nxc2 25. Rxc2 Kb7 26. Rfc1 c6 27. Rxc6 Qxc6 28. Rxc6 Kxc6 29. Qc2+ Kb6 30. Qg6+ Kc5 31. Kf2 Rhe8 32. e6 Rd6 33. Qxe8 g4 34. e7 Rd2+ 35. Ke1 Rxg2 36. Qc8+ Kb4 37. e8=Q Ka3 38. Qc5+ Kb2 39. Qe2+ Rxe2+ 40. Kxe2 f3+ 41. Kf2 h5 42. Qxb5 h4 43. Qxa5 g3+ 44. hxg3 hxg3+ 45. Kxg3 f2 46. Kxf2 Ka1 47. b4 Kb2 48. b5 Ka1 49. b6 Kb2 50. b7 Ka1 51. a4 Kb2 52. b8=Q+ Ka1 53. Qc3+ Ka2 54. Qcb2# 1-0

[Event "January 2 Early 2024"]
[Site "https://www.chess.com"]
[Date "2024.01.02"]
[Round "5"]
[White "Dahl, Trygve"]
[Black "KSho99"]
[Result "1-0"]
[Board "174"]
[TimeControl "180+1"]
[WhiteFideId "1513427"]
[WhiteElo "2327"]
[BlackElo "2144"]
[WhiteTeam "NOR"]
[WhiteClock "0:01:02"]
[BlackClock "0:00:00"]

1. Nf3 e6 2. d4 f5 3. g3 Nf6 4. Bg2 d5 5. O-O Be7 6. b3 Ne4 7. c4 Nc6 8. Bb2 h5 9. Ne5 Nxe5 10. dxe5 h4 11. Nd2 hxg3 12. hxg3 Bc5 13. Nxe4 fxe4 14. Bd4 Bxd4 15. Qxd4 c6 16. Qe3 Qe7 17. f3 exf3 18. Rxf3 Rf8 19. Raf1 Rxf3 20. Qxf3 Bd7 21. Qh5+ Kd8 22. Qh8+ Be8 23. Rf8 Kd7 24. Rg8 1-0

[Event "January 2 Early 2024"]
[Site "https://www.chess.com"]
[Date "2024.01.02"]
[Round "5"]
[White "Gopal, K.N."]
[Black "Larina, Maria"]
[Result "1-0"]
[Board "175"]
[TimeControl "180+1"]
[WhiteFideId "5001447"]
[BlackFideId "24113182"]
[WhiteElo "2134"]
[BlackElo "2326"]
[WhiteTeam "IND"]
[BlackTeam "FID"]
[WhiteClock "0:01:07"]
[BlackClock "0:00:14"]

1. e4 c6 2. d4 d5 3. e5 Bf5 4. Bd3 Bxd3 5. Qxd3 e6 6. f4 Nd7 7. Be3 a6 8. Nd2 c5 9. c3 Qb6 10. Ngf3 Nh6 11. h3 Nf5 12. Bf2 Rc8 13. a3 h5 14. O-O Be7 15. b4 cxd4 16. Nxd4 Nxd4 17. Bxd4 Qc7 18. f5 Nxe5 19. Qe2 Bf6 20. fxe6 fxe6 21. Rae1 Ng6 22. Qxe6+ Ne7 23. Rxf6 gxf6 24. Bxf6 Rh7 25. Qg8+ Kd7 26. Qxh7 Re8 27. Rxe7+ Rxe7 28. Qxe7+ Kc6 1-0

[Event "January 2 Early 2024"]
[Site "https://www.chess.com"]
[Date "2024.01.02"]
[Round "5"]
[White "Latreche, Khadidja"]
[Black "Ankerst, Mihael"]
[Result "0-1"]
[Board "176"]
[TimeControl "180+1"]
[WhiteFideId "7901780"]
[BlackFideId "14602369"]
[WhiteElo "2122"]
[BlackElo "2320"]
[WhiteTeam "ALG"]
[BlackTeam "SLO"]
[WhiteClock "0:00:04"]
[BlackClock "0:01:07"]

1. e4 c5 2. Nf3 g6 3. d4 Bg7 4. c4 d6 5. Nc3 Bg4 6. dxc5 Bxf3 7. gxf3 dxc5 8. Qxd8+ Kxd8 9. Bd2 Nc6 10. O-O-O Ke8 11. Nb5 Rc8 12. Bf4 a6 13. Nc7+ Kf8 14. Bh3 e6 15. Bd6+ Nge7 16. Rd2 Be5 17. Nxe6+ fxe6 18. Bxe6 Bxd6 19. Rxd6 Rd8 20. Rhd1 Ke8 21. Bd7+ Kf7 22. Be6+ Kf6 23. Bd7+ Ke5 24. a3 Nd4 25. f4+ Kxd6 26. e5+ Kxd7 0-1

[Event "January 2 Early 2024"]
[Site "https://www.chess.com"]
[Date "2024.01.02"]
[Round "5"]
[White "Lacasa Diaz, Josep Anton"]
[Black "Subramanian, Anusha"]
[Result "1-0"]
[Board "177"]
[TimeControl "180+1"]
[WhiteFideId "2203375"]
[BlackFideId "477710"]
[WhiteElo "2318"]
[BlackElo "2119"]
[WhiteTeam "ESP"]
[BlackTeam "ENG"]
[WhiteClock "0:00:41"]
[BlackClock "0:01:08"]

1. e4 e6 2. d4 d5 3. e5 c5 4. c3 Nc6 5. Nf3 Qb6 6. a3 Nge7 7. b4 cxd4 8. cxd4 Nf5 9. Be3 Bd7 10. Bd3 Nxe3 11. fxe3 Be7 12. Nc3 Rc8 13. Na4 Qd8 14. O-O O-O 15. Nc5 Bxc5 16. bxc5 b6 17. Rc1 Na5 18. h4 bxc5 19. dxc5 Qe8 20. Ng5 h6 21. Nh7 Ba4 22. Qg4 Nb3 23. Nf6+ Kh8 24. Nxe8 Rcxe8 25. Qxa4 Nxc1 26. Rxc1 Rb8 27. c6 Rfc8 28. c7 Rb7 29. Qd7 Rbxc7 30. Qxc8+ Rxc8 31. Rxc8# 1-0